Map: Temple of the Past

Players

Petr

  • Race: Protoss Protoss
  • Spawn Location: 0:00

Takker

  • Race: Protoss Protoss
  • League: Silver
  • Spawn Location: 0:00

VOD

Have the link to the VOD?

Description

Time

  • Played on: May 27, 2019, 3:23 p.m.
  • Length: 25:49
Show
View Real Time Build Order
Export as new Build Order

Petr Protoss 

Build Orders:  

Get SALT Encoding   

  13  0:10  Probe (Chrono Boost)  
  13  0:22  Probe (Chrono Boost)  
  14  0:34  Probe (Chrono Boost)  
  15  0:45  Assimilator, Probe (Chrono Boost)  
  16  0:57  Probe (Chrono Boost)  
  16  0:59  Assimilator  
  17  1:09  Probe (Chrono Boost)  
  18  1:16  Pylon  
  18  1:21  Probe (Chrono Boost)  
  19  1:32  Probe (Chrono Boost)  
  20  1:41  Pylon  
  20  1:48  Gateway  
  20  1:51  Probe (Chrono Boost)  
  21  2:03  Probe (Chrono Boost)  
  22  2:17  Forge  
  22  2:18  Probe (Chrono Boost)  
  22  2:19  Protoss Shields Level 1  
  24  2:30  Probe (Chrono Boost)  
  24  2:42  Probe (Chrono Boost)  
  25  2:53  Probe (Chrono Boost)  
  26  3:05  Probe (Chrono Boost)  
  27  3:14  Zealot  
  30  3:21  Probe (Chrono Boost)  
  30  3:38  Probe (Chrono Boost)  
  31  3:44  Cybernetics Core  
  31  3:53  Gateway  
  32  4:00  Probe (Chrono Boost)  
  32  4:08  Zealot  
  34  4:13  Zealot  
  34  4:17  Probe (Chrono Boost)  
  37  4:21  Zealot  
  40  4:34  Probe (Chrono Boost)  
  41  4:51  Assimilator, Probe (Chrono Boost)  
  41  4:52  Protoss Ground Armor Level 1  
  41  5:08  Probe (Chrono Boost)  
  42  5:10  Assimilator  
  42  5:21  Nexus  
  42  5:46  Twilight Council  
  43  6:00  Probe (Chrono Boost)  
  43  6:17  Probe (Chrono Boost)  
  44  6:21  Robotics Facility  
  44  6:27  Pylon  
  45  6:34  Probe (Chrono Boost)  
  45  6:38  Trillic Compresion Mesh  
  45  6:39  Pylon  
  45  6:42  Protoss Ground Weapons Level 1  
  45  6:47  Probe (Chrono Boost)  
  47  6:50  Probe (Chrono Boost)  
  48  7:04  Probe (Chrono Boost)  
  48  7:07  Probe (Chrono Boost)  
  50  7:21  Probe (Chrono Boost), Robotics Facility  
  50  7:34  Robotics Bay  
  50  7:38  Probe (Chrono Boost)  
  52  7:53  Dragoon x2  
  52  7:54  Dragoon  
  52  7:55  Probe (Chrono Boost)  
  52  7:58  Whirlwind  
  58  8:22  Probe (Chrono Boost)  
  58  8:24  Protoss Shields Level 2  
  58  8:27  Probe (Chrono Boost)  
  59  8:39  Probe (Chrono Boost)  
  61  8:44  Probe (Chrono Boost)  
  62  8:55  Probe (Chrono Boost)  
  63  9:01  Probe (Chrono Boost)  
  63  9:09  Solarite Payload  
  64  9:12  Probe (Chrono Boost)  
  64  9:17  Observer  
  65  9:20  Immortal  
  65  9:29  Probe (Chrono Boost)  
  70  10:00  Singularity Charge  
  70  10:35  Protoss Ground Weapons Level 2  
  70  10:39  Scarab Housing  
  70  10:42  Charge  
  70  10:50  Reaver  
  70  10:51  Reaver x2  
  88  11:05  Dragoon  
  88  11:06  Dragoon x2  
  94  11:37  Zealot  
  94  11:38  Zealot  
  94  11:39  Zealot x2, Improved Barrier  
  90  12:39  Gravitic Boosters  
  90  12:46  Dragoon  
  90  12:47  Protoss Ground Armor Level 2, Dragoon x2  
  90  12:48  Dragoon  
  96  13:10  Reaver  
  96  13:12  Reaver  
  96  13:14  Observer  
  96  13:18  Immortal  
  113  14:11  Reaver  
  113  14:12  Reaver  
  123  14:49  Protoss Shields Level 3  
  123  15:03  Zealot  
  123  15:04  Zealot x3  
  123  15:05  Zealot x2  
  135  15:12  Reaver x2  
  147  16:01  Reaver  
  153  17:10  Zealot x2  
  153  17:11  Zealot x3  
  153  17:12  Zealot  
  165  17:21  Protoss Ground Weapons Level 3  
  146  18:23  Dragoon x2  
  146  18:24  Dragoon x2  
  146  18:25  Dragoon  
  156  18:30  Reaver  
  156  18:31  Reaver  
  156  18:34  Immortal  
  156  18:35  Immortal  
  156  18:37  Immortal  
  156  18:39  Immortal  
  178  19:53  Protoss Ground Armor Level 3  
  170  20:50  Reaver  
  170  20:51  Reaver x2  
  170  20:53  Reaver  
  194  21:36  Observer  
  194  21:38  Observer  
  196  21:52  Immortal  
  190  24:15  Zealot x3  
  190  24:16  Zealot x2  
  188  25:04  Dragoon x3  
  188  25:05  Dragoon x2  
Show
View Real Time Build Order
Export as new Build Order

Takker Protoss 

Build Orders:  

Get SALT Encoding   

  12  0:07  Probe (Chrono Boost)  
  14  0:21  Probe (Chrono Boost)  
  14  0:35  Probe (Chrono Boost)  
  16  0:51  Probe (Chrono Boost)  
  16  1:04  Xel'Naga Passageway  
  16  1:05  Probe (Chrono Boost)  
  17  1:19  Probe (Chrono Boost)  
  18  1:33  Probe (Chrono Boost)  
  19  1:47  Probe (Chrono Boost)  
  21  2:01  Probe (Chrono Boost)  
  21  2:12  Xel'Naga Passageway  
  21  2:15  Probe (Chrono Boost)  
  22  2:26  Core Forge, Xel'Naga Ambusher  
  24  2:47  Xel'Naga Ambusher  
  26  3:08  Xel'Naga Ambusher  
  28  3:30  Xel'Naga Passageway  
  28  3:34  Xel'Naga Passageway  
  28  4:24  Xel'Naga Ambusher  
  30  4:45  Xel'Naga Shieldguard  
  30  4:46  Ancient Nexus  
  32  4:54  Probe (Chrono Boost)  
  33  5:04  Xel'Naga Shieldguard  
  33  5:08  Probe (Chrono Boost)  
  36  5:22  Xel'Naga Shieldguard  
  38  5:41  Xel'Naga Shieldguard  
  40  5:54  Constructs Facility  
  40  5:59  Xel'Naga Shieldguard  
  42  6:03  Void Shrine  
  44  6:11  Probe x2 (Chrono Boost)  
  44  6:18  Xel'Naga Shieldguard  
  46  6:25  Probe x2 (Chrono Boost)  
  48  6:38  Probe (Chrono Boost)  
  48  6:39  Probe (Chrono Boost)  
  52  6:52  Probe (Chrono Boost)  
  52  6:53  Probe (Chrono Boost)  
  52  6:54  Void Templar  
  54  7:06  Probe x2 (Chrono Boost)  
  56  7:13  Xel'Naga Ambusher  
  60  7:20  Probe x2 (Chrono Boost)  
  60  7:34  Probe x2 (Chrono Boost)  
  62  8:06  Tesseract Cannon  
  62  8:08  Tesseract Cannon  
  62  8:15  Constructs Bay  
  62  8:19  Constructs Facility  
  62  8:26  Xel'Naga Ambusher  
  64  8:37  Xel'Naga Shieldguard  
  66  8:59  Serdath Legion  
  66  9:11  Xel'Naga Shieldguard  
  68  9:47  Xel'Naga Enforcer  
  68  10:10  Xel'Naga Ambusher  
  70  11:01  Serdath Legion  
  68  11:10  Xel'Naga Ambusher x2  
  32  12:25  Xel'Naga Enforcer  
  32  12:26  Xel'Naga Enforcer  
  38  12:52  Probe x2 (Chrono Boost)  
  36  13:06  Probe x2 (Chrono Boost)  
  38  13:20  Probe x2 (Chrono Boost)  
  38  13:34  Probe (Chrono Boost)  
  39  13:40  Xel'Naga Enforcer  
  45  14:10  Probe x2 (Chrono Boost)  
  45  14:24  Probe x2 (Chrono Boost)  
  45  14:29  Serdath Legion  
  47  14:38  Probe x2 (Chrono Boost)  
  49  15:14  Xel'Naga Enforcer  
  53  15:46  Xel'Naga Enforcer  
  57  16:29  Xel'Naga Enforcer  
  61  16:59  Serdath Legion  
  64  17:26  Xel'Naga Enforcer  
  71  18:03  Xel'Naga Enforcer  
  75  18:45  Xel'Naga Enforcer  
  79  19:02  Serdath Legion  
  76  19:40  Xel'Naga Enforcer  
  73  19:53  Probe (Chrono Boost)  
  72  20:02  Xel'Naga Shieldguard  
  72  20:04  Xel'Naga Shieldguard  
  72  20:05  Xel'Naga Shieldguard  
  72  20:07  Probe (Chrono Boost)  
  80  20:20  Xel'Naga Shieldguard  
  80  20:21  Probe (Chrono Boost)  
  82  20:35  Probe (Chrono Boost)  
  83  20:48  Probe (Chrono Boost)  
  84  21:06  Serdath Legion  
  50  22:12  Xel'Naga Enforcer  
  50  22:13  Xel'Naga Enforcer  
  56  22:40  Xel'Naga Enforcer  
  60  23:12  Serdath Legion  
  64  23:22  Xel'Naga Ambusher x2  
  67  24:07  Xel'Naga Shieldguard  
  66  24:33  Xel'Naga Enforcer  
  66  24:34  Xel'Naga Enforcer  
  66  24:37  Xel'Naga Ambusher  
  47  25:14  Serdath Legion  
Tags
 
Add a new tag
Caveats
  • Supply blocks, unpowered buildings, or Contaminate may cause inaccurate times.
  • Supply counts are checked every 10 seconds.